 Dungeon Crawl Stone Soup version 0.17.1-1-g73c8601 (webtiles) character file.

2237 HughJohnson the Destroyer (level 9, -6/48 HPs)
             Began as a Tengu Air Elementalist on Dec 19, 2015.
             Was a Believer of Okawaru.
             Mangled by Dickchan's ghost (12 damage)
             ... on level 8 of the Dungeon on Dec 21, 2015.
             The game lasted 00:48:02 (7431 turns).

HughJohnson the Destroyer (Tengu Air Elementalist)  Turns: 7431, Time: 00:48:03

Health: -6/48      AC: 10    Str:  8    XL:     9   Next: 36%
Magic:  4/16       EV: 13    Int: 18    God:    Okawaru [**....]
Gold:   232        SH:  0    Dex: 21    Spells: 5 memorised, 2 levels left

rFire  . . .     SeeInvis .     r - +2 flail (protect)
rCold  . . .     Clarity  .     a - +0 robe
rNeg   . . .     SustAt   .     (no shield)
rPois  .         Gourm    .     (helmet restricted)
rElec  .         Spirit   .     (no cloak)
rCorr  .         Warding  .     (no gloves)
rMut   .         Stasis   .     (boots unavailable)
MR     .....                    (no amulet)
Stlth  ++........               n - +5 ring of dexterity
                                j - +3 ring of protection

@: not resistant to hostile enchantments, unstealthy
A: beak, talons 3, able to fly 1
a: Fly, Heroism, Renounce Religion


You were on level 8 of the Dungeon.
You worshipped Okawaru.
Okawaru was pleased with you.
You were not hungry.

You visited 1 branch of the dungeon, and saw 8 of its levels.
You also visited: Sewer.

You collected 232 gold pieces.

Inventory:

Hand Weapons
 o - a +0 whip
 r - a +2 flail of protection (weapon)
 y - a +0 blowgun
 C - a +0 arbalest
 K - a +1 dagger of venom
Missiles
 u - 17 poisoned bolts
 B - 32 poisoned needles
 M - 7 poisoned javelins (quivered)
Armour
 a - a +0 robe (worn)
 q - a +0 leather armour
Jewellery
 j - a +3 ring of protection (left hand)
 n - a +5 ring of dexterity (right hand)
Wands
 L - a wand of paralysis (7)
 Q - a wand of slowing (19)
 T - a wand of confusion (27)
Scrolls
 d - a scroll of blinking {unknown}
 e - 3 scrolls of enchant weapon {unknown}
 g - a scroll of fog
 h - 6 scrolls of identify {unknown}
 i - 2 scrolls of enchant armour {unknown}
 l - 3 scrolls of teleportation {unknown}
 D - 2 scrolls of amnesia {unknown}
 E - a scroll of random uselessness {unknown}
 G - a scroll of recharging {unknown}
 H - 2 scrolls of immolation {unknown}
 J - a scroll of magic mapping {unknown}
 P - 3 scrolls of remove curse {unknown}
Potions
 f - 2 potions of poison {unknown}
 k - 5 potions of might {unknown}
 p - a potion of cancellation
 s - a potion of agility {unknown}
 t - a potion of degeneration {unknown}
 v - 2 potions of lignification {unknown}
 w - 5 potions of brilliance {unknown}
 x - 3 potions of heal wounds {unknown}
 z - a potion of flight {unknown}
 A - 4 potions of curing {unknown}
 O - a potion of haste {unknown}
Books
 b - a book of Air

   Spells                             Type                      Level
   a - Shock                          Conjuration/Air              1
   b - Swiftness                      Charms/Air                   2
   c - Repel Missiles                 Charms/Air                   2
   d - Static Discharge               Conjuration/Air              3
   e - Lightning Bolt                 Conjuration/Air              5
 m - a book of Debilitation

   Spells                             Type                      Level
   a - Corona                         Hexes                        1
   b - Slow                           Hexes                        2
   c - Gell's Gravitas                Hexes/Translocation          3
   d - Inner Flame                    Hexes/Fire                   3
   e - Cause Fear                     Hexes                        4
   f - Leda's Liquefaction            Hexes/Earth                  4
 F - a book of Conjurations

   Spells                             Type                      Level
   a - Magic Dart                     Conjuration                  1
   b - Searing Ray                    Conjuration                  2
   c - Dazzling Spray                 Conjuration/Hexes            3
   d - Fulminant Prism                Conjuration/Hexes            4
   e - Iskenderun's Mystic Blast      Conjuration                  4
   f - Iskenderun's Battlesphere      Conjuration/Charms           5
 U - an Akashic Record

   Spells                             Type                      Level
   a - Dispersal                      Translocation                6
   b - Malign Gateway                 Summoning/Translocation      7
   c - Disjunction                    Translocation                8
   d - Controlled Blink               Translocation                8
 V - a book of Conjurations

   Spells                             Type                      Level
   a - Magic Dart                     Conjuration                  1
   b - Searing Ray                    Conjuration                  2
   c - Dazzling Spray                 Conjuration/Hexes            3
   d - Fulminant Prism                Conjuration/Hexes            4
   e - Iskenderun's Mystic Blast      Conjuration                  4
   f - Iskenderun's Battlesphere      Conjuration/Charms           5
Comestibles
 c - 6 bread rations
 I - 2 meat rations
 N - 3 fruits
 R - 6 chunks of flesh
 S - a royal jelly


   Skills:
 - Level 2.0 Fighting
 * Level 6.2 Maces & Flails
 - Level 1.2 Armour
 - Level 2.1 Dodging
 - Level 2.0 Stealth
 + Level 4.2 Spellcasting
 + Level 9.1 Conjurations
 - Level 2.2 Charms
 + Level 8.3 Air Magic


You had 2 spell levels left.
You knew the following spells:

 Your Spells              Type           Power        Failure   Level  Hunger
a - Shock                 Conj/Air       ####         1%          1    None
b - Repel Missiles        Chrm/Air       ###...       2%          2    ##.....
c - Swiftness             Chrm/Air       ###.....     2%          2    ##.....
d - Iskenderun's Mystic   Conj           #####...     3%          4    ####...
e - Lightning Bolt        Conj/Air       #####.....   14%         5    ######.


Dungeon Overview and Level Annotations

Branches:
Dungeon (8/15)             Temple (0/1) D:4
   Lair: D:8-11

Altars:
Ashenzari
Cheibriados
Dithmenos
Elyvilon
Okawaru
Trog
Yredelemnul
Zin

Annotations:
D:5 Edmund
D:8 Dickchan's ghost, novice CeHu


Innate Abilities, Weirdness & Mutations

You have a beak for a mouth.
You have claws for feet.
You can fly.


Message History

Dickchan's ghost says, "Do you have an apple?
I have a shot I want to try."
Dickchan's ghost closely misses you.
Casting: Shock
Confirm with . or Enter, or press ? or * to list all spells.
You miscast Swiftness.
You are very lightly contaminated with residual magic.
Nothing appears to happen.
The crimson imp summons a swarm of flies.
Dickchan's ghost hits you but does no damage.
You are electrocuted!
* * * LOW HITPOINT WARNING * * *
The crimson imp blinks!
The crimson imp puffs mist at you.
Drink which item? (? for menu, Esc to quit)
It was a potion of cancellation.
Your magical contamination has completely faded away.
You feel magically purged.
Dickchan's ghost hits you but does no damage.
You are electrocuted!
You die...

### ## #.#
..# #.#######
#.# #.......#
#.# #.#####.#
#.# #.# #5#
.#####.###.#
#@#
....#......#
#W#
###.......##
#.#
..........###
#.#
............#
#5#
..........#.#
#.#
........#####
#.# ###.....#
#.# #
#######. #.#


You could see Dickchan's ghost and 2 crimson imps.

Vanquished Creatures
  4 ogres
  An orc warrior (D:5)
  3 big kobolds (Sewer)
  2 giant frogs
  2 scorpions
  6 crimson imps
  3 jellies
  3 hounds
  6 orc wizards
  7 orc priests
  6 worker ants
  A gnoll shaman (D:5)
  A hound zombie (D:6)
  A worker ant zombie (D:5)
  8 adders
  11 gnolls
  7 river rats
  A white imp (D:8)
  2 shadow imps
  An ooze (D:3)
  3 adder zombies
  A worm (D:3)
  4 giant geckos
  21 orcs
  3 giant cockroaches
  16 hobgoblins
  10 jackals
  5 quokkas
  4 ball pythons (Sewer)
  4 bats
  A giant gecko skeleton (D:6)
  5 giant newts
  6 goblins
  20 kobolds
  23 rats
202 creatures vanquished.

Vanquished Creatures (others)
  5 toadstools (D:1)
5 creatures vanquished.

Grand Total: 207 creatures vanquished

Notes
Turn   | Place    | Note
--------------------------------------------------------------
     0 | D:1      | HughJohnson the Tengu Air Elementalist began the quest for the Orb.
     0 | D:1      | Reached XP level 1. HP: 10/10 MP: 4/4
   207 | D:1      | Reached XP level 2. HP: 15/15 MP: 0/6
   734 | D:1      | Reached skill level 5 in Air Magic
   957 | D:1      | Reached skill level 1 in Fighting
   957 | D:1      | Reached XP level 3. HP: 20/20 MP: 4/7
   969 | D:1      | Learned a level 2 spell: Repel Missiles
   972 | D:1      | Learned a level 2 spell: Swiftness
  1381 | D:2      | Found a shattered altar of Ashenzari.
  1589 | D:2      | Found a glowing silver altar of Zin.
  1606 | D:2      | Found a basalt altar of Yredelemnul.
  1607 | D:2      | Found a shadowy altar of Dithmenos.
  2005 | D:3      | Reached XP level 4. HP: 15/25 MP: 3/8
  2151 | D:3      | Found an iron altar of Okawaru.
  2151 | D:3      | Found a bloodstained altar of Trog.
  2278 | D:3      | Reached skill level 6 in Air Magic
  2281 | D:3      | Found a glowing drain.
  2285 | Sewer    | Entered a sewer
  2550 | Sewer    | Gained mutation: You can fly. [Tengu growth]
  2550 | Sewer    | Reached XP level 5. HP: 23/29 MP: 7/9
  2701 | Sewer    | Reached skill level 1 in Maces & Flails
  2822 | Sewer    | Noticed a big kobold
  2822 | Sewer    | Noticed a big kobold
  2862 | Sewer    | Killed a big kobold
  2862 | Sewer    | Reached skill level 1 in Charms
  2862 | Sewer    | Reached XP level 6. HP: 31/34 MP: 2/10
  2870 | Sewer    | Killed a big kobold
  2870 | Sewer    | Reached skill level 5 in Conjurations
  2990 | Sewer    | Noticed a big kobold
  3043 | Sewer    | Killed a big kobold
  3570 | D:3      | Reached XP level 7. HP: 38/38 MP: 11/11
  3668 | D:3      | Became a worshipper of Warmaster Okawaru
  3720 | D:4      | Found a snail-covered altar of Cheibriados.
  4316 | D:4      | Found a staircase to the Ecumenical Temple.
  4393 | D:5      | Entered Level 5 of the Dungeon
  4936 | D:6      | Reached skill level 7 in Conjurations
  4936 | D:6      | Reached XP level 8. HP: 40/43 MP: 8/12
  5057 | D:6      | Noticed Edmund
  5291 | D:6      | Learned a level 4 spell: Iskenderun's Mystic Blast
  5375 | D:6      | Reached skill level 5 in Maces & Flails
  5615 | D:5      | Reached * piety under Okawaru
  6082 | D:5      | Reached skill level 8 in Conjurations
  6509 | D:6      | Reached skill level 1 in Armour
  6828 | D:7      | Found a white marble altar of Elyvilon.
  6932 | D:7      | Reached XP level 9. HP: 48/48 MP: 13/15
  6950 | D:7      | Learned a level 5 spell: Lightning Bolt
  7373 | D:8      | Reached skill level 9 in Conjurations
  7389 | D:8      | Reached ** piety under Okawaru
  7411 | D:8      | Noticed Dickchan's ghost (novice CeHu)
  7431 | D:8      | Mangled by Dickchan's ghost

Action                   |  1- 3 |  4- 6 |  7- 9 || total
-------------------------+-------+-------+-------++-------
Melee: Unarmed           |    73 |       |       ||    73
       Whip              |    10 |     1 |       ||    11
       Flail             |       |    86 |   137 ||   223
Throw: Javelin           |       |       |    16 ||    16
 Cast: Shock             |    47 |    55 |   141 ||   243
       Swiftness         |       |       |     3 ||     3
       Iskenderun's Myst |       |       |     2 ||     2
 Abil: Fly               |       |     3 |       ||     3
  Use: Scroll            |       |     1 |     1 ||     2
       Potion            |       |       |     1 ||     1
 Stab: Sleeping          |     3 |     8 |     5 ||    16
  Eat: Chunk             |     4 |     5 |    14 ||    23
       Fruit             |       |     2 |       ||     2
